Map: [ESL] Moondance

Players

ShoWTimE

  • Race: Protoss Protoss
  • Spawn Location: 6:00

Astrea - Winner!

  • Race: Protoss Protoss
  • League: Master
  • Spawn Location: 12:00

Event: HomeStory Cup XXII

VOD

Have the link to the VOD?

Description

Time

  • Played on: Dec. 17, 2022, 6:29 a.m.
  • Length: 13:32

All games in this series

Show
View Real Time Build Order
Export as new Build Order

ShoWTimE Protoss 

Build Orders: Phoenix Opening, Blink Stalkers 

Get SALT Encoding   

  12  0:00  Probe  
  13  0:12  Probe  
  14  0:17  Pylon  
  14  0:24  Probe (Chrono Boost)  
  15  0:36  Gateway, Probe (Chrono Boost)  
  16  0:43  Probe (Chrono Boost)  
  16  0:45  Assimilator  
  17  0:50  Probe  
  18  1:03  Probe (Chrono Boost)  
  19  1:04  Assimilator  
  19  1:10  Gateway  
  19  1:14  Probe (Chrono Boost)  
  20  1:18  Probe (Chrono Boost)  
  20  1:23  Cybernetics Core  
  21  1:29  Probe  
  22  1:35  Pylon  
  22  1:41  Probe  
  23  1:53  Probe  
  24  1:59  Stalker x2  
  28  2:03  Warp Gate  
  28  2:16  Pylon  
  28  2:30  Sentry  
  28  2:36  Sentry  
  32  2:43  Nexus  
  32  2:44  Probe  
  33  2:55  Twilight Council  
  33  2:58  Probe  
  33  3:05  Phoenix  
  34  3:07  Shield Battery  
  34  3:10  Probe  
  34  3:12  Pylon  
  35  3:22  Probe  
  36  3:27  Blink (Chrono Boost)  
  36  3:32  Shield Battery  
  36  3:35  Probe  
  37  3:45  Phoenix  
  37  3:47  Probe (Chrono Boost)  
  38  3:51  Stalker x2  
  38  3:55  Probe (Chrono Boost)  
  43  3:59  Probe (Chrono Boost)  
  44  4:05  Probe (Chrono Boost)  
  44  4:06  Shield Battery  
  44  4:07  Probe (Chrono Boost)  
  46  4:10  Probe (Chrono Boost)  
  46  4:14  Probe, Stalker  
  50  4:18  Stalker  
  50  4:21  Probe  
  53  4:26  Probe  
  54  4:33  Probe  
  54  4:34  Pylon  
  55  4:38  Probe  
  55  4:44  Stalker x2  
  60  4:45  Probe  
  61  4:54  Probe  
  61  4:58  Probe  
  62  5:05  Phoenix  
  62  5:06  Nexus  
  61  5:07  Stalker  
  61  5:09  Probe  
  63  5:17  Shield Battery, Probe  
  64  5:22  Robotics Facility  
  65  5:28  Probe  
  65  5:30  Probe, Assimilator  
  66  5:35  Forge  
  66  5:40  Probe  
  66  5:42  Probe  
  68  5:46  Pylon  
  68  5:49  Stalker  
  70  5:55  Pylon  
  70  5:58  Gateway  
  70  5:59  Protoss Ground Weapons Level 1 (Chrono Boost)  
  70  6:01  Gateway  
  70  6:04  Probe x2 (Chrono Boost)  
  70  6:05  Stalker  
  70  6:11  Observer  
  75  6:14  Pylon  
  75  6:16  Probe (Chrono Boost)  
  75  6:17  Probe (Chrono Boost)  
  78  6:20  Probe (Chrono Boost)  
  78  6:25  Probe x2 (Chrono Boost)  
  80  6:27  Probe (Chrono Boost)  
  80  6:28  Photon Cannon  
  80  6:31  Probe (Chrono Boost), Pylon  
  80  6:32  Observer, Probe (Chrono Boost)  
  83  6:34  Probe  
  83  6:37  Assimilator  
  83  6:38  Stalker  
  87  6:43  Probe  
  87  6:44  Stalker  
  90  6:47  Probe  
  90  6:49  Phoenix, Probe  
  90  6:50  Charge (Chrono Boost)  
  90  6:51  Assimilator  
  92  6:55  Probe  
  92  6:59  Probe  
  92  7:01  Probe  
  95  7:05  Robotics Bay, Pylon  
  95  7:09  Robotics Facility  
  95  7:13  Nexus  
  95  7:19  Probe x3  
  95  7:21  Assimilator  
  98  7:25  Photon Cannon  
  98  7:31  Probe x3, Pylon  
  98  7:33  Shield Battery, Pylon  
  98  7:34  Stalker  
  103  7:38  Stalker x2  
  107  7:45  Stalker  
  107  7:49  Phoenix  
  107  7:50  Probe x2  
  107  7:51  Gateway  
  111  7:53  Disruptor (Chrono Boost)  
  111  7:54  Pylon  
  111  7:57  Protoss Ground Weapons Level 2  
  117  8:00  Disruptor (Chrono Boost)  
  117  8:07  Pylon  
  117  8:10  Gateway  
  117  8:13  Probe  
  117  8:14  Probe  
  119  8:21  Disruptor  
  119  8:22  Assimilator  
  119  8:23  Pylon  
  122  8:29  Disruptor (Chrono Boost)  
  122  8:32  Stalker x3  
  122  8:33  Stalker  
  130  8:40  Photon Cannon, Pylon  
  130  8:43  Gravitic Boosters (Chrono Boost)  
  130  8:58  Observer (Chrono Boost), Stalker x5  
  130  8:59  Phoenix  
  130  9:01  Disruptor (Chrono Boost)  
  140  9:04  Photon Cannon  
  140  9:06  Pylon  
  143  9:13  Observer (Chrono Boost)  
  143  9:14  Photon Cannon  
  144  9:18  Probe, Pylon  
  144  9:19  Stargate  
  144  9:20  Pylon  
  144  9:23  Stalker x3  
  149  9:43  Protoss Air Weapons Level 1  
  149  9:45  Stalker x3  
  155  9:51  Gateway  
  155  9:53  Gateway  
  155  9:55  Photon Cannon  
  155  9:57  Stalker  
  155  9:58  Stalker x2  
  147  10:12  Stalker x3  
  149  10:14  Disruptor  
  142  10:23  Fleet Beacon  
  142  10:25  Stargate  
  142  10:28  Probe  
  142  10:29  Shield Battery  
  142  10:32  Observer  
  142  10:34  Stargate  
  144  10:38  Pylon  
  143  10:44  Stalker x6  
  149  10:53  Stalker  
  149  10:54  Stalker  
  149  10:55  Disruptor, Probe  
  132  11:12  Stalker x6  
  138  11:19  Disruptor  
  127  11:35  Shield Battery  
  127  11:36  Zealot x7  
  127  11:37  Zealot  
  127  11:38  Nexus  
  127  11:39  Photon Cannon  
  143  11:40  Pylon  
  143  11:51  Nexus  
  143  11:52  Disruptor  
  146  11:57  Carrier (Chrono Boost)  
  152  12:04  Carrier (Chrono Boost)  
  152  12:05  Carrier (Chrono Boost)  
  152  12:06  Nexus  
  152  12:07  Pylon  
  161  12:10  Colossus  
  166  12:24  Stalker x5  
  166  12:25  Zealot x3  
  179  12:30  Photon Cannon, Pylon  
  179  12:33  Shield Battery  
  179  12:35  Disruptor  
  150  12:49  Zealot x2, Stalker x4  
  158  12:56  Zealot x2  
  145  13:10  Zealot x2  
  145  13:12  Zealot x2  
  136  13:14  Zealot x2  
  136  13:17  Zealot x2  
  116  13:22  Zealot x2  
Show
View Real Time Build Order
Export as new Build Order

Astrea Protoss - Winner!

Build Orders: Oracle Opening, Blink Stalkers 

Get SALT Encoding   

  12  0:00  Probe  
  13  0:12  Probe  
  14  0:16  Pylon  
  14  0:24  Probe (Chrono Boost)  
  16  0:36  Gateway, Probe (Chrono Boost)  
  16  0:43  Probe (Chrono Boost)  
  16  0:45  Assimilator  
  17  0:51  Probe  
  17  0:53  Assimilator  
  18  1:03  Probe (Chrono Boost)  
  19  1:07  Gateway  
  20  1:12  Probe (Chrono Boost)  
  20  1:17  Probe (Chrono Boost)  
  20  1:23  Cybernetics Core  
  21  1:29  Probe  
  22  1:33  Pylon  
  22  1:41  Probe  
  23  1:53  Probe  
  24  1:59  Adept, Warp Gate, Stalker  
  28  2:04  Pylon  
  28  2:18  Probe  
  29  2:23  Twilight Council  
  29  2:30  Stalker  
  31  2:39  Sentry  
  32  2:59  Nexus  
  32  3:00  Oracle  
  32  3:02  Blink (Chrono Boost)  
  32  3:04  Probe  
  33  3:16  Probe  
  34  3:28  Probe  
  35  3:35  Shield Battery  
  35  3:38  Pylon  
  35  3:40  Probe  
  36  3:47  Stalker  
  38  3:53  Probe  
  39  3:57  Stalker  
  41  4:05  Probe  
  42  4:13  Probe  
  42  4:14  Sentry  
  45  4:17  Probe  
  45  4:20  Adept  
  48  4:25  Phoenix, Probe  
  48  4:27  Robotics Facility  
  48  4:28  Pylon  
  48  4:30  Probe  
  50  4:37  Probe  
  51  4:42  Probe  
  52  4:49  Probe  
  53  4:54  Probe  
  54  5:00  Nexus  
  54  5:01  Probe  
  54  5:06  Probe  
  56  5:13  Probe  
  55  5:16  Observer (Chrono Boost)  
  55  5:17  Pylon  
  55  5:18  Probe  
  57  5:22  Assimilator  
  57  5:23  Forge  
  57  5:25  Probe  
  56  5:29  Immortal (Chrono Boost)  
  56  5:30  Dark Shrine, Probe  
  61  5:37  Probe  
  61  5:42  Probe  
  63  5:45  Charge  
  63  5:47  Protoss Ground Weapons Level 1 (Chrono Boost)  
  63  5:49  Probe  
  64  5:54  Probe  
  65  6:01  Probe  
  65  6:03  Observer  
  67  6:06  Probe  
  67  6:09  Nexus, Phoenix  
  68  6:12  Pylon  
  68  6:17  Gateway  
  69  6:18  Probe x2  
  69  6:19  Gateway  
  69  6:20  Gateway  
  69  6:22  Probe  
  71  6:30  Probe x2  
  71  6:31  Gateway  
  73  6:34  Probe  
  73  6:38  Gateway  
  74  6:42  Gateway, Probe x2  
  74  6:46  Shield Battery, Probe  
  77  6:52  Immortal  
  81  6:54  Probe  
  81  6:57  Assimilator  
  81  7:00  Stalker x2  
  86  7:02  Probe  
  86  7:03  Probe  
  86  7:06  Phoenix  
  86  7:08  Probe  
  89  7:14  Probe  
  89  7:15  Probe, Stalker x2  
  95  7:20  Probe  
  95  7:21  Pylon  
  96  7:26  Probe  
  96  7:27  Stalker x3  
  96  7:28  Probe  
  104  7:30  Protoss Ground Weapons Level 2 (Chrono Boost)  
  104  7:34  Probe x2  
  106  7:38  Probe  
  106  7:40  Probe  
  108  7:46  Probe x2, Pylon  
  108  7:48  Shadow Stride  
  108  7:50  Probe  
  111  7:52  Probe  
  111  7:55  Observer  
  111  7:56  Observer  
  116  7:58  Probe  
  116  7:59  Probe  
  116  8:03  Probe  
  116  8:04  Warp Prism (Chrono Boost)  
  116  8:05  Stalker x5  
  125  8:08  Stalker  
  125  8:09  Stalker  
  125  8:11  Pylon  
  131  8:14  Observer  
  131  8:15  Pylon  
  131  8:22  Photon Cannon  
  131  8:25  Assimilator, Pylon  
  131  8:28  Pylon  
  131  8:36  Stalker x6  
  143  8:43  Nexus  
  143  8:47  Photon Cannon  
  143  8:52  Observer  
  141  9:00  Stalker x6  
  153  9:03  Observer  
  153  9:06  Stalker x2  
  153  9:08  Pylon  
  157  9:15  Observer  
  158  9:22  Gateway  
  158  9:23  Gateway  
  158  9:24  Pylon  
  158  9:25  Pylon  
  158  9:26  Gateway  
  158  9:31  Dark Templar x2  
  158  9:34  Dark Templar  
  164  9:42  Protoss Ground Weapons Level 3 (Chrono Boost)  
  164  9:44  Probe x3  
  164  9:45  Probe  
  166  9:48  Photon Cannon  
  166  9:49  Shield Battery  
  156  10:09  Stalker x5  
  156  10:12  Zealot x3  
  160  10:20  Probe x4  
  160  10:21  Probe  
  161  10:27  Dark Templar x2  
  161  10:28  Zealot  
  167  10:31  Nexus  
  167  10:34  Zealot x8  
  183  10:37  Pylon  
  171  11:00  Zealot x11  
  171  11:03  Warp Prism  
  151  11:11  Stalker x5  
  151  11:12  Stalker x4  
  151  11:27  Zealot x2  
  147  11:35  Probe x3  
  147  11:36  Probe x2  
  147  11:37  Gateway  
  147  11:38  Gateway  
  147  11:39  Immortal, Gateway  
  156  11:40  Dark Templar x3  
  156  11:41  Zealot x6  
  156  11:46  Robotics Bay  
  174  11:47  Probe  
  174  11:49  Photon Cannon  
  174  11:53  Zealot x2  
  177  11:57  Shield Battery  
  177  12:00  Photon Cannon  
  177  12:01  Zealot x5, Pylon  
  187  12:14  Zealot x6  
  199  12:24  Robotics Facility  
  199  12:27  Robotics Facility  
  199  12:28  Pylon  
  199  12:33  Zealot x8  
  187  12:40  Zealot x6  
  185  12:56  Dark Templar x5  
  191  13:02  Zealot x7  
  185  13:10  Zealot x2  
Tags
 
Add a new tag
Caveats
  • Supply blocks, unpowered buildings, or Contaminate may cause inaccurate times.
  • Supply counts are checked every 10 seconds.